General information
- name: BNet
- type: Ladder team game (AT/RT)
- host: Battle.net
- saver: RandomlyStop
map: Battleground
- players: 8
- length: 12:13
- speed: Fast
- version: 1.27 W3XP
- replay type: Public
» download(79 KB)
Players
team 1 (winner)

»
Heilweiss (
pink | 81 APM | 988 actions | 12:13)
5 Death Knight
3 Death Coil
2 Unholy Aura
3 Crypt Lord
1 Impale
2 Spiked Carapace
1 Mountain King
1 Storm Bolt
» actions
| Assign group hotkey | 15 | |
| Basic commands | 116 | |
| Build / train | 35 | |
| Enter build submenu | 17 | |
| Enter hero's abilities submenu | 9 | |
| Right click | 350 | |
| Select / deselect | 137 | |
| Select group hotkey | 259 | |
| Use ability | 50 | |
988 total
» units
| Acolyte | 2 | |
| Ghoul | 6 | |
| Crypt Fiend | 6 | |
| Frost Wyrm | 2 | |
16 total
» upgrades
» buildings
| Crypt | 1 | |
| Ziggurat | 10 | |
| Graveyard | 1 | |
| Altar of Darkness | 1 | |
| Tomb of Relics | 1 | |
| Nerubian Tower | 2 | |
| Halls of the Dead | 1 | |
| Black Citadel | 1 | |
| Sacrificial Pit | 1 | |
| Boneyard | 2 | |
21 total
» build order
00:18 Crypt
00:19 Ziggurat
00:46 Graveyard
01:00 Altar of Darkness
01:28 Ziggurat
02:04 Tomb of Relics
02:48 Nerubian Tower
04:00 Halls of the Dead
04:37 Ziggurat
04:37 Ziggurat
05:41 Nerubian Tower
06:32 Ziggurat
06:36 Ziggurat
06:38 Ziggurat
06:41 Ziggurat
07:12 Black Citadel
07:16 Sacrificial Pit
10:10 Boneyard
10:11 Boneyard
11:12 Ziggurat
11:13 Ziggurat
» items
Bisquick (
orange | 70 APM | 854 actions | 12:13)
5 Archmage
3 Summon Water Elemental
2 Brilliance Aura
» actions
| Assign group hotkey | 22 | |
| Basic commands | 60 | |
| Build / train | 38 | |
| Enter build submenu | 19 | |
| Enter hero's abilities submenu | 5 | |
| Right click | 300 | |
| Select / deselect | 128 | |
| Select group hotkey | 240 | |
| Use ability | 41 | |
854 total
» units
| Peasant | 8 | |
| Rifleman | 10 | |
| Sorceress | 2 | |
| Priest | 3 | |
23 total
» upgrades
| Gunpowder | 1 | |
| Long Rifles | 1 | |
| Lumber Harvesting | 1 | |
| Sorceress Training | 2 | |
| Priest Training | 2 | |
7 total
» buildings
| Altar of Kings | 1 | |
| Barracks | 1 | |
| Farm | 12 | |
| Lumber Mill | 1 | |
| Blacksmith | 1 | |
| Keep | 1 | |
| Arcane Sanctum | 2 | |
| Arcane Vault | 1 | |
| Castle | 1 | |
21 total
» build order
00:11 Altar of Kings
00:14 Barracks
00:19 Farm
00:49 Farm
01:35 Lumber Mill
01:40 Blacksmith
02:37 Farm
03:36 Farm
04:04 Keep
04:40 Farm
06:41 Arcane Sanctum
06:42 Arcane Sanctum
06:58 Arcane Vault
07:21 Farm
08:33 Castle
09:28 Farm
09:30 Farm
11:08 Farm
11:12 Farm
11:54 Farm
11:57 Farm

»
ic3dt3a (
blue | 80 APM | 979 actions | 12:13)
4 Dreadlord
2 Sleep
2 Vampiric Aura
» actions
| Assign group hotkey | 6 | |
| Basic commands | 5 | |
| Build / train | 35 | |
| ESC pressed | 2 | |
| Enter build submenu | 23 | |
| Enter hero's abilities submenu | 6 | |
| Give item / drop item | 2 | |
| Remove unit from queue | 4 | |
| Right click | 379 | |
| Select / deselect | 244 | |
| Select group hotkey | 226 | |
| Use ability | 47 | |
979 total
» units
| Acolyte | 3 | |
| Ghoul | 8 | |
| Obsidian Statue | 2 | |
| Necromancer | 2 | |
| Gryphon Rider | 1 | |
| Meatwagon | 1 | |
17 total
» upgrades
| Unholy Strength | 2 | |
| Necromancer Training | 1 | |
| Swords | 1 | |
| Exhume Corpses | 1 | |
5 total
» buildings
| Ziggurat | 5 | |
| Crypt | 1 | |
| Graveyard | 1 | |
| Altar of Darkness | 1 | |
| Tomb of Relics | 1 | |
| Halls of the Dead | 1 | |
| Slaughterhouse | 2 | |
| Temple of the Damned | 2 | |
| Gryphon Aviary | 3 | |
| Castle | 1 | |
| Farm | 4 | |
| Black Citadel | 1 | |
23 total
» build order
00:10 Ziggurat
00:21 Crypt
00:51 Graveyard
01:23 Altar of Darkness
01:32 Ziggurat
02:17 Tomb of Relics
02:52 Ziggurat
03:45 Halls of the Dead
04:53 Ziggurat
06:44 Slaughterhouse
06:48 Temple of the Damned
06:53 Ziggurat
06:57 Slaughterhouse
07:04 Temple of the Damned
07:48 Gryphon Aviary
07:50 Castle
07:53 Gryphon Aviary
07:56 Gryphon Aviary
08:01 Farm
10:29 Farm
10:38 Farm
11:30 Black Citadel
12:10 Farm
» items
Guilly (
yellow | 33 APM | 186 actions | 05:35)
2 Mountain King
1 Storm Bolt
1 Bash
» actions
| Build / train | 23 | |
| Enter build submenu | 11 | |
| Enter hero's abilities submenu | 2 | |
| Give item / drop item | 1 | |
| Right click | 78 | |
| Select / deselect | 57 | |
| Use ability | 14 | |
186 total
» units
» upgrades
» buildings
| Farm | 5 | |
| Altar of Kings | 1 | |
| Barracks | 2 | |
| Lumber Mill | 1 | |
| Blacksmith | 1 | |
| Scout Tower | 1 | |
| Keep | 1 | |
12 total
» build order
00:10 Farm
00:11 Farm
01:09 Farm
01:15 Altar of Kings
01:29 Barracks
01:41 Lumber Mill
01:53 Blacksmith
02:22 Barracks
02:38 Scout Tower
03:08 Farm
03:26 Farm
04:16 Keep
team 2 (loser)
SUCKMYNlGGADIK (
green | 29 APM | 343 actions | 11:58)
3 Blademaster
2 Wind Walk
1 Critical Strike
» actions
| Assign group hotkey | 15 | |
| Basic commands | 13 | |
| Build / train | 36 | |
| Enter build submenu | 12 | |
| Enter hero's abilities submenu | 3 | |
| Give item / drop item | 2 | |
| Right click | 87 | |
| Select / deselect | 107 | |
| Select group hotkey | 43 | |
| Use ability | 25 | |
343 total
» units
» upgrades
| Ranged Weapons | 2 | |
| Shaman Training | 2 | |
| Envenomed Spears | 1 | |
5 total
» buildings
| Altar of Storms | 1 | |
| Orc Burrow | 4 | |
| Barracks | 1 | |
| Voodoo Lounge | 1 | |
| Stronghold | 1 | |
| War Mill | 1 | |
| Fortress | 1 | |
| Beastiary | 2 | |
| Spirit Lodge | 1 | |
13 total
» build order
00:10 Altar of Storms
00:12 Orc Burrow
00:54 Barracks
01:38 Orc Burrow
01:43 Voodoo Lounge
03:53 Stronghold
04:15 War Mill
04:49 Orc Burrow
04:55 Orc Burrow
06:25 Fortress
06:30 Beastiary
06:31 Beastiary
06:34 Spirit Lodge
» items
| Healing Salve | 2 | |
| Lesser Clarity Potion | 2 | |
| Scroll of Speed | 1 | |
| Scroll of Town Portal | 1 | |
| Orb of Lightning | 1 | |
7 total

»
Tortuga (
red | 43 APM | 518 actions | 12:05)
2 Firelord
1 Summon Lava Spawn
1 Incinerate
» actions
| Assign group hotkey | 24 | |
| Basic commands | 88 | |
| Build / train | 27 | |
| ESC pressed | 3 | |
| Enter build submenu | 21 | |
| Enter hero's abilities submenu | 2 | |
| Give item / drop item | 1 | |
| Remove unit from queue | 1 | |
| Right click | 106 | |
| Select / deselect | 163 | |
| Select group hotkey | 49 | |
| Use ability | 33 | |
518 total
» units
» upgrades
| Armor | 2 | |
| Melee Weapons | 1 | |
| Berserker Strength | 1 | |
4 total
» buildings
| Orc Burrow | 5 | |
| Altar of Storms | 2 | |
| Barracks | 2 | |
| War Mill | 1 | |
| Stronghold | 1 | |
| Watch Tower | 9 | |
20 total
» build order
00:10 Orc Burrow
00:21 Altar of Storms
00:33 Barracks
01:22 Altar of Storms
02:40 Orc Burrow
02:51 Orc Burrow
02:57 War Mill
03:19 Barracks
05:08 Orc Burrow
07:15 Stronghold
07:23 Orc Burrow
10:20 Watch Tower
10:22 Watch Tower
10:23 Watch Tower
11:16 Watch Tower
11:18 Watch Tower
11:21 Watch Tower
11:38 Watch Tower
11:39 Watch Tower
11:41 Watch Tower
» items
RandomlyStop (
purple | 7 APM | 88 actions | 12:13)
» actions
| Build / train | 27 | |
| Enter build submenu | 11 | |
| Right click | 16 | |
| Select / deselect | 25 | |
| Use ability | 9 | |
88 total
» units
» upgrades
| Defend | 1 | |
| Masonry | 2 | |
| Lumber Harvesting | 1 | |
4 total
» buildings
| Altar of Kings | 1 | |
| Barracks | 2 | |
| Farm | 4 | |
| Scout Tower | 1 | |
| Keep | 1 | |
| Arcane Tower | 2 | |
| Lumber Mill | 1 | |
| Castle | 1 | |
13 total
» build order
00:56 Altar of Kings
00:58 Barracks
00:59 Farm
01:06 Barracks
01:10 Farm
01:15 Farm
01:17 Farm
01:39 Scout Tower
07:09 Keep
07:11 Arcane Tower
07:11 Arcane Tower
07:30 Lumber Mill
10:36 Castle
Wanderson.Cruz (
teal | 81 APM | 981 actions | 12:04)
3 Mountain King
2 Storm Bolt
1 Thunder Clap
1 Blood Mage
1 Siphon Mana
» actions
| Assign group hotkey | 11 | |
| Build / train | 63 | |
| Enter build submenu | 15 | |
| Enter hero's abilities submenu | 4 | |
| Give item / drop item | 3 | |
| Remove unit from queue | 8 | |
| Right click | 654 | |
| Select / deselect | 184 | |
| Select group hotkey | 1 | |
| Use ability | 38 | |
981 total
» units
| Peasant | 7 | |
| Footman | 5 | |
| Rifleman | 2 | |
| Priest | 3 | |
| Mortar Team | 4 | |
| Forest Troll Shadow Priest | 2 | |
| Sorceress | 1 | |
24 total
» upgrades
» buildings
| Altar of Kings | 1 | |
| Barracks | 1 | |
| Farm | 8 | |
| Arcane Vault | 1 | |
| Keep | 3 | |
| Lumber Mill | 1 | |
| Blacksmith | 1 | |
| Arcane Sanctum | 1 | |
| Workshop | 1 | |
18 total
» build order
00:45 Altar of Kings
00:49 Barracks
01:09 Farm
01:18 Farm
02:02 Farm
02:13 Arcane Vault
02:56 Farm
03:30 Keep
03:31 Keep
03:36 Lumber Mill
04:10 Blacksmith
05:02 Farm
06:27 Arcane Sanctum
06:40 Workshop
07:48 Farm
08:48 Farm
11:38 Farm
» items
| Boots of Speed | 1 | |
| Lesser Clarity Potion | 2 | |
| Scroll of Regeneration | 4 | |
| Potion of Healing | 1 | |
| Potion of Mana | 1 | |
9 total
Chat log
(00:19 / Allies) SUCKMYNlGGADIK: sup
(00:28 / Allies) Wanderson.Cruz: sup
(00:35 / Allies) SUCKMYNlGGADIK: lets rush
(00:37 / Allies) SUCKMYNlGGADIK: end this fast
(00:42 / Allies) RandomlyStop: let's rush
(00:47 / Allies) SUCKMYNlGGADIK: everyone in?
(00:49 / All) RandomlyStop: rush
(00:49 / Allies) Tortuga: k
(00:56 / Allies) SUCKMYNlGGADIK: teal?
(00:58 / All) ic3dt3a: no, stahp!
(01:00 / Allies) Wanderson.Cruz: and after the rush ??
(01:02 / Allies) Wanderson.Cruz: leave ?
(01:05 / Allies) SUCKMYNlGGADIK: win
(01:32 / Allies) Wanderson.Cruz: ok
(02:01 / Allies) SUCKMYNlGGADIK: 5 peons in mine plz
(02:19 / Allies) SUCKMYNlGGADIK: u too
(02:20 / Allies) SUCKMYNlGGADIK: wow
(02:24 / Allies) Wanderson.Cruz: man
(02:29 / Allies) Wanderson.Cruz: dont bother me
(02:37 / Allies) Wanderson.Cruz: just play u fuck game
(03:54 / Allies) Wanderson.Cruz: red
(04:39 / Allies) SUCKMYNlGGADIK: ready?
(04:43 / Allies) Wanderson.Cruz: go
(04:52 / Allies) Wanderson.Cruz: go red
(05:02 / Allies) SUCKMYNlGGADIK: purp?
(05:12 / Allies) Wanderson.Cruz: fucos on heros
(05:34 / Allies) SUCKMYNlGGADIK: the fuck is purple
(05:35 / Allies) Wanderson.Cruz: focus on micro
(06:13 / Allies) SUCKMYNlGGADIK: fuck you purple
(06:17 / Allies) SUCKMYNlGGADIK: scumbag
(06:53 / Allies) RandomlyStop: back
(06:59 / All) RandomlyStop: oh shit
(07:00 / Allies) SUCKMYNlGGADIK: you have 3000 gold
(07:01 / Allies) SUCKMYNlGGADIK: and no units
(07:02 / Allies) Wanderson.Cruz: he asf
(07:04 / All) RandomlyStop: looks like I got put with the scrubs
(07:06 / Allies) SUCKMYNlGGADIK: are you retarded?
(07:12 / Allies) Wanderson.Cruz: gold purple
(07:19 / Allies) SUCKMYNlGGADIK: stop jerking off please
(07:26 / Allies) SUCKMYNlGGADIK: and play the fuckin game man
(07:30 / Allies) Wanderson.Cruz: gold p[uprle
(07:36 / Allies) SUCKMYNlGGADIK: purple gold
(07:48 / Allies) SUCKMYNlGGADIK: do something useful
(08:08 / Allies) SUCKMYNlGGADIK: loser
(08:09 / Allies) SUCKMYNlGGADIK: man
(08:16 / Allies) SUCKMYNlGGADIK: nothing better to do than ruin the game for everyone else
(08:18 / Allies) SUCKMYNlGGADIK: fuckin bitch
(08:38 / Allies) SUCKMYNlGGADIK: gold purple
(08:39 / Allies) RandomlyStop: dont worry bout it boo
(08:41 / Allies) RandomlyStop: i got dis
(08:51 / Allies) SUCKMYNlGGADIK: his record is 0-5
(08:53 / Allies) SUCKMYNlGGADIK: were fucked
(08:57 / Allies) SUCKMYNlGGADIK: hes just screwing around
(09:04 / Allies) Wanderson.Cruz: lo
(09:06 / Allies) Wanderson.Cruz: lol
(09:11 / Allies) Wanderson.Cruz: u talk so much
(09:15 / Allies) Wanderson.Cruz: relax dude
(09:20 / Allies) SUCKMYNlGGADIK: i want to win this shit
(09:24 / Allies) Wanderson.Cruz: relax dude
(09:27 / Allies) Wanderson.Cruz: leave him
(09:40 / All) RandomlyStop: tj dillashaw beat cruz
(10:23 / All) RandomlyStop: cruz react to the pocket like the wicked witch of the west react to water
(10:26 / All) RandomlyStop: made of glass fucc nigga
(10:28 / Allies) Wanderson.Cruz: man
(10:33 / Allies) Wanderson.Cruz: ur are ridiculous
(10:36 / Allies) SUCKMYNlGGADIK: hes not trying
(10:42 / Allies) Wanderson.Cruz: go
(10:59 / All) RandomlyStop: noob allies
(11:04 / All) Heilweiss: lol
(11:06 / Allies) Wanderson.Cruz: asshole
(11:11 / Allies) Wanderson.Cruz: miove ur fuck ass
(11:11 / All) SUCKMYNlGGADIK: gg
(11:15 / All) SUCKMYNlGGADIK: purple has no life
(11:17 / All) SUCKMYNlGGADIK: not playing
(11:23 / All) SUCKMYNlGGADIK: purp u should kill yourself
(11:31 / All) SUCKMYNlGGADIK: tie a noose around your fan
(11:34 / All) SUCKMYNlGGADIK: and hang yourself
(11:37 / All) RandomlyStop: why would i do that fam
(11:46 / All) SUCKMYNlGGADIK: will be a much better place for everyone who knows you
(11:50 / All) SUCKMYNlGGADIK: just kill yourself now
(11:52 / All) RandomlyStop: youse a down ass bitch but i aint mad at cha
(12:03 / All) Wanderson.Cruz: is bullshit
(12:11 / All) RandomlyStop: there goes my record